 Dungeon Crawl Stone Soup version 0.29-a0-72-g1732ff48e7 (webtiles) character file.

Game seed: 367220720629556725

28 siradein the Skirmisher (level 3, -1/33 HPs)
             Began as a Draconian Fighter on Feb 3, 2022.
             Slain by a gnoll (6 damage)
             ... on level 2 of the Dungeon.
             The game lasted 00:01:28 (807 turns).

siradein the Skirmisher (Draconian Fighter)          Turns: 807, Time: 00:01:29

Health: -1/33      AC:  5    Str: 18    XL:     3   Next: 0%
Magic:  3/3        EV:  6    Int:  8    God:
Gold:   34         SH:  0    Dex: 12    Spells: 2/2 levels left

rFire   . . .      SeeInvis .   a - +0 long sword
rCold   . . .      Faith    .   b - +0 buckler
rNeg    . . .      Spirit   .   (armour unavailable)
rPois   .          Reflect  .   (helmet restricted)
rElec   .          Harm     .   (no cloak)
rCorr   .          Rampage  .   (no gloves)
Will    .....                   (no boots)
Stlth   +.........              (no amulet)
HPRegen 0.11/turn               (no ring)
MPRegen 0.08/turn               (no ring)

@: held
A: AC +5, unfitting armour, cold-blooded
a: no special abilities


You were on level 2 of the Dungeon.
You visited 1 branch of the dungeon, and saw 2 of its levels.

You collected 34 gold pieces.

Inventory:

Hand Weapons
 a - a +0 long sword (weapon)
Armour
 b - a +0 buckler (worn)
Scrolls
 e - a scroll of noise {unknown}
 f - a scroll of teleportation {unknown}
 g - 3 scrolls of amnesia {unknown}
Potions
 c - a potion of might
 d - a potion of heal wounds {unknown}


   Skills:
 + Level 3.6 Fighting
 + Level 2.4 Long Blades
 + Level 3.0 Dodging
 + Level 3.3 Shields


You had 2 spell levels left.
You didn't know any spells.
Your spell library was empty.

Dungeon Overview and Level Annotations

Branches:
Dungeon (2/15)

Altars:


Innate Abilities, Weirdness & Mutations

Your plain brown scales are hard. (AC +5)
You cannot fit into any form of body armour.
You are cold-blooded and may be slowed by cold attacks.


Message History

You slash the bat!
You kill the bat!
You have reached level 3!
Your experience leads to an increase in your attributes!
Increase (S)trength, (I)ntelligence, or (D)exterity?
You feel agile. x2; Your scales feel tougher. 2 gnolls come into view.
A gnoll is wielding a +2 whip of freezing.
Found a silver ring.
There are monsters nearby!
There are monsters nearby!
There are monsters nearby!
The gnoll shouts!
You see here a +0 hand axe.
There are monsters nearby!
The gnoll hits you with a +0 halberd.
A gnoll comes into view. It is wielding a +0 halberd.
You barely miss the gnoll. The gnoll closely misses you.
You hit the gnoll but do no damage.
Your tail-slap misses the gnoll.
The gnoll barely misses you.
The gnoll hits you from afar with a +0 halberd.
You closely miss the gnoll. The gnoll barely misses you.
The gnoll hits you from afar with a +0 halberd!
You are too injured to fight recklessly!
You are too injured to fight recklessly!
There is a stone staircase leading up here.
You block the gnoll's attack.
The gnoll hits you from afar with a +0 halberd!
* * * LOW HITPOINT WARNING * * *
You climb upwards.
There is a stone staircase leading down here.
The gnoll closely misses you.
You climb downwards.
The gnoll throws a throwing net.
The throwing net hits you.
You become entangled in the net!
There is a stone staircase leading up, spattered with blood here.
You see here a throwing net.
Unknown command.
You struggle against the net.
The gnoll hits you with a +2 whip of freezing.
You die...

#######
#.....####
#.........
#.....# .
#.@..g## .g#
#g.†...# #..$.
###.##†##......
#.g)......≈≈≈
####.##..8≈≈≈
..... ..≈≈≈
#.##.##...=..
.. ... #.... #.
..# .##


You could see 3 gnolls.

Vanquished Creatures
  4 endoplasms (D:1)
  2 giant cockroaches (D:1)
  A hobgoblin (D:1)
  3 jackals (D:1)
  2 kobolds (D:1)
  A quokka (D:1)
  2 ball pythons
  A bat (D:2)
  2 frilled lizards (D:1)
  4 goblins (D:1)
  3 rats (D:1)
25 creatures vanquished.

Notes
Turn   | Place    | Note
-------+----------+-------------------------------------------
     0 | D:1      | siradein the Draconian Fighter began the quest for the Orb.
     0 | D:1      | Reached XP level 1. HP: 19/19 MP: 1/1
    33 | D:1      | Found a faded altar of an unknown god.
   364 | D:1      | Reached XP level 2. HP: 26/26 MP: 2/2
   787 | D:2      | Reached XP level 3. HP: 33/33 MP: 3/3
   807 | D:2      | Slain by a gnoll

Illustrated notes

Levels and vault maps discovered:
D:1:      zelgadis_glass_arrival_small, layout_basic, basic_ecumenical_altar
D:2:      layout_loops_cross, basic_altar, minmay_statues_item,
          serial_park_tiny_pond, uniq_robin

Skill      XL: |  1  2 |
---------------+-------+-----
Dodging        | 3 |  3.0
Fighting       | |  3.6
Long Blades    | |  2.4
Shields        | |  3.3

Action                   || total
-------------------------++-------
Melee: Long sword        ||    68
       Tailslap          ||     8
 Stab: Sleeping          ||     1
Armor: Skin              ||    25
Dodge: Dodged            ||    38
Block: Buckler           ||    19

Table legend: (Time is in decaauts)
 A = Elapsed time spent in this place.
 B = Non-inter-level travel time spent in this place.
 C = Inter-level travel time spent in this place.
 D = Time resting spent in this place.
 E = Time spent auto-exploring this place.
 F = Levels seen in this place.
 G = Mean time per level.
                   A        B        C        D        E       F      G
               +--------+--------+--------+--------+--------+-----+--------+
         Total |    833 |    805 |     28 |      0 |    613 |   2 |  416.5 |
       Dungeon |    833 |    805 |     28 |      0 |    613 |   2 |  416.5 |
               +--------+--------+--------+--------+--------+-----+--------+

Top non-repeatable levels by time:
     D:1: 804 daAuts
     D:2: 29 daAuts
